 Dungeon Sprint DCSS version 0.21.1-1-g345015f (webtiles) character file.

16000000 joklet the Axe Maniac (level 27, -96/199 HPs)
             Began as a Gargoyle Gladiator on Mar 12, 2018.
             Was the Champion of Makhleb.
             Annihilated by a fleshlord
             ... wielding a +9 great mace
              (295 damage)
             ... in the Dungeon (Sprint VIII: "Arena of Blood").
             The game lasted 00:04:05 (160 turns).

joklet the Axe Maniac (Gargoyle Gladiator)           Turns: 160, Time: 00:04:06

Health: -96/199    AC: 29    Str: 21    XL:     27
Magic:  54/54      EV: 34    Int: 10    God:    Makhleb [******]
Gold:   0          SH:  0    Dex: 20    Spells: 80/80 levels left

rFire    + . .     SeeInvis .   l - +∞ Axe of Woe
rCold    . . .     Gourm    .   (shield currently unavailable)
rNeg     + . .     Faith    .   b - +0 leather armour
rPois    ∞         Spirit   .   c - +0 helmet
rElec    +         Reflect  .   (no cloak)
rCorr    .         Harm     .   (no gloves)
MR       ++...     NoTele   +   (no boots)
Stlth    +++++++++.             (no amulet)
HPRegen  0.43/turn              m - ring of protection from fire
MPRegen  0.34/turn              (no ring)

@: hasted and slowed
A: big wings, negative energy resistance 1, electricity resistance, unbreathing,
petrification resistance, rot immunity, AC +20
a: Fly, Minor Destruction, Lesser Servant of Makhleb, Major Destruction, Greater
Servant of Makhleb, Renounce Religion


You were in the Dungeon.
You worshipped Makhleb.
Makhleb was exalted by your worship.
You were not hungry.

You visited 1 branch

Inventory:

Hand Weapons
 a - a +0 war axe
 l - the +∞ Axe of Woe (weapon)
   (You found it in the Dungeon)
Missiles
 d - 3 throwing nets (quivered)
Armour
 b - a +0 leather armour (worn)
 c - a +0 helmet (worn)
Jewellery
 m - a ring of protection from fire (left hand)
Scrolls
 k - a scroll of blinking
Potions
 e - a potion of curing
 i - 2 potions of magic
 j - a potion of berserk rage
Comestibles
 f - a ration


   Skills:
 O Level 27 Fighting
 O Level 27 Axes
 O Level 27 Throwing
 O Level 27 Armour
 O Level 27 Dodging
 O Level 27 Stealth
 O Level 27 Unarmed Combat
 O Level 27 Spellcasting
 O Level 27 Invocations


You had 80 spell levels left.
You didn't know any spells.

Dungeon Overview and Level Annotations

Branches:
Dungeon (1/1)

Altars:
Makhleb


Innate Abilities, Weirdness & Mutations

You are resistant to torment.
Your stone body is resilient. (AC +20)
You are immune to poison.
Your large and strong wings let you fly indefinitely.
You resist negative energy. (rN+)
You are resistant to electric shocks. (rElec)
You can survive without breathing.
You are immune to petrification.
You are immune to rotting.


Message History

Makhleb accepts your kill.
You feel better.
You hit the sculptor of flesh but do no damage.
You fatally mangle the sculptor of flesh.
You destroy the sculptor of flesh!
Makhleb accepts your kill.
You slash the fleshlord!
You cleave the fleshlord in twain.
You kill the fleshlord!
Makhleb accepts your kill.
You hear a shout! x4
The fleshlord gestures at you while chanting.
You feel as though you will be slow longer.
You hear a shout! x4
Unknown command.
Unknown command.
A meat berserker comes into view. It is wielding a +9 battleaxe.
You hear a shout!
The fleshlord hits you with a +9 great mace!!!!!!
Ouch! That really hurt!
You die...

###. ###.... ####..X..x.
####.....D...
####......p..# ##
#........)o.#.o..
#......X.@p.p#
#......)).L..#.
#...)X).###.M.#........
#....X###...X..#........o.
#.).)#)X..................
#)....M{.#................
#..)...%..#.....O..#......
#..xx.zx){...#.....#......
#....)xxp)#))..).###......


You could see an accursed, a tyrant, an eight-headed meat hydra, 3 fleshlords, 5
large abominations, a meat berserker (berserk), 2 bags of meat and a crawling
corpse.

Vanquished Creatures
  7 hell knights (D)
  Sigmund (D)
  8 hell beasts (D)
  4 greater mummies (D)
  3 great orbs of eyes (D)
  6 wraiths (D)
  Harold (D)
  10 vampire knights (D)
  27 ogres (D)
  5 two-headed ogres (D)
  6 liches (D)
  4 hydras (D)
  65 orcs (D)
  4 phantoms (D)
  6 skeletal warriors (D)
  A sea snake (D)
  3 large abominations (D)
  9 small abominations (D)
  13 crawling corpses (D)
183 creatures vanquished.

Vanquished Creatures (others)
  An orc (D)
  3 crawling corpses (D)
4 creatures vanquished.

Grand Total: 187 creatures vanquished

Notes
Turn   | Place    | Note
-------+----------+-------------------------------------------
     0 | D        | Found the +∞ Axe of Woe
     0 | D        | joklet the Gargoyle Gladiator began the quest for the Orb.
     0 | D        | Reached XP level 1. HP: 12/12 MP: 1/1
     3 | D        | Noticed a bag of meat
     4 | D        | Became a worshipper of Makhleb the Destroyer
     6 | D        | Killed a bag of meat
     6 | D        | Reached skill level 15 in Dodging
     6 | D        | Reached XP level 2. HP: 29/29 MP: 2/2
     6 | D        | Reached XP level 3. HP: 34/34 MP: 3/3
     6 | D        | Reached XP level 4. HP: 40/40 MP: 4/4
     6 | D        | Reached XP level 5. HP: 44/44 MP: 5/5
     6 | D        | Reached XP level 6. HP: 49/49 MP: 6/6
     6 | D        | Reached XP level 7. HP: 54/54 MP: 7/7
     6 | D        | Reached XP level 8. HP: 60/60 MP: 8/8
     6 | D        | Reached XP level 9. HP: 64/64 MP: 9/9
     6 | D        | Reached XP level 10. HP: 70/70 MP: 10/10
     6 | D        | Reached XP level 11. HP: 74/74 MP: 11/11
     6 | D        | Reached XP level 12. HP: 80/80 MP: 12/12
     7 | D        | Noticed a meat berserker
     7 | D        | Noticed a bag of meat
     9 | D        | Noticed a bag of meat
     9 | D        | Noticed a meat berserker
    10 | D        | Killed a bag of meat
    10 | D        | Reached * piety under Makhleb
    10 | D        | Reached skill level 10 in Throwing
    10 | D        | Reached XP level 13. HP: 87/87 MP: 13/13
    11 | D        | Noticed a meat berserker
    11 | D        | Noticed a meat berserker
    11 | D        | Killed a meat berserker
    11 | D        | Gained mutation: Your large and strong wings let you fly indefinitely. [Gargoyle growth]
    11 | D        | Reached XP level 14. HP: 96/96 MP: 14/14
    12 | D        | Noticed a bag of meat
    12 | D        | Killed a meat berserker
    12 | D        | Reached XP level 15. HP: 104/104 MP: 15/15
    13 | D        | Noticed a meat berserker
    13 | D        | Noticed a meat berserker
    14 | D        | Killed a meat berserker
    14 | D        | Reached ** piety under Makhleb
    14 | D        | Reached XP level 16. HP: 114/114 MP: 16/16
    15 | D        | Noticed a meat berserker
    16 | D        | Reached skill level 15 in Throwing
    17 | D        | Killed a meat berserker
    17 | D        | Reached skill level 27 in Axes
    17 | D        | Reached XP level 17. HP: 124/124 MP: 17/17
    17 | D        | Killed a meat berserker
    17 | D        | Reached *** piety under Makhleb
    17 | D        | Reached skill level 27 in Dodging
    17 | D        | Reached XP level 18. HP: 138/138 MP: 18/18
    17 | D        | Killed a meat berserker
    17 | D        | Reached skill level 27 in Fighting
    19 | D        | Killed a meat berserker
    19 | D        | Reached XP level 19. HP: 151/151 MP: 19/19
    19 | D        | Reached **** piety under Makhleb
    19 | D        | Reached skill level 27 in Throwing
    20 | D        | Reached skill level 10 in Stealth
    20 | D        | Reached skill level 10 in Spellcasting
    21 | D        | Noticed a large bag of meat
    23 | D        | Reached ***** piety under Makhleb
    23 | D        | Reached skill level 15 in Armour
    23 | D        | Reached skill level 15 in Invocations
    23 | D        | Reached XP level 20. HP: 157/157 MP: 19/37
    25 | D        | Noticed a meat berserker
    25 | D        | Reached skill level 15 in Unarmed Combat
    25 | D        | Reached skill level 15 in Spellcasting
    27 | D        | Noticed a destroyer
    27 | D        | Reached XP level 21. HP: 163/163 MP: 20/41
    28 | D        | Killed a large bag of meat
    28 | D        | Reached ****** piety under Makhleb
    29 | D        | Noticed a large bag of meat
    29 | D        | Noticed a meat berserker
    30 | D        | Noticed The Servant
    32 | D        | Noticed a meat berserker
    32 | D        | Killed a meat berserker
    32 | D        | Reached skill level 27 in Stealth
    32 | D        | Reached XP level 22. HP: 169/169 MP: 21/45
    34 | D        | Killed a destroyer
    34 | D        | Reached skill level 27 in Armour
    34 | D        | Reached skill level 27 in Invocations
    34 | D        | Reached XP level 23. HP: 175/175 MP: 22/52
    36 | D        | Killed The Servant
    36 | D        | Reached skill level 27 in Unarmed Combat
    36 | D        | Reached skill level 27 in Spellcasting
    37 | D        | Reached XP level 24. HP: 181/181 MP: 22/54
    38 | D        | Noticed a destroyer
    41 | D        | Noticed a destroyer
    42 | D        | Reached XP level 25. HP: 187/187 MP: 24/54
    43 | D        | Killed a destroyer
    44 | D        | Killed a large bag of meat
    45 | D        | Killed a destroyer
    45 | D        | Reached XP level 26. HP: 193/193 MP: 25/54
    46 | D        | Noticed a destroyer
    47 | D        | Noticed a destroyer
    48 | D        | Reached XP level 27. HP: 199/199 MP: 25/54
    49 | D        | Killed a destroyer
    53 | D        | Noticed an accursed
    53 | D        | Killed a destroyer
    58 | D        | Noticed a destroyer
    58 | D        | Noticed a large bag of meat
    63 | D        | Noticed a tyrant
    63 | D        | Killed a destroyer
    65 | D        | Noticed a destroyer
    67 | D        | Noticed a meat beast
    67 | D        | Noticed a meat beast
    68 | D        | Noticed a dread
    68 | D        | Killed a large bag of meat
    71 | D        | Noticed a destroyer
    72 | D        | Noticed a dread
    72 | D        | Killed a meat beast
    72 | D        | Killed a meat beast
    72 | D        | Killed a tyrant
    73 | D        | Noticed an accursed
    74 | D        | Noticed a dread
    75 | D        | Killed a destroyer
    77 | D        | Killed a dread
    80 | D        | Killed an accursed
    80 | D        | Killed a dread
    80 | D        | Killed a destroyer
    81 | D        | Noticed a meat beast
    84 | D        | Noticed a meat beast
    84 | D        | Killed a meat beast
    86 | D        | Killed a meat beast
    87 | D        | Noticed a tyrant
    88 | D        | Noticed a large bag of meat
    89 | D        | Killed a dread
    91 | D        | Noticed an accursed
    91 | D        | Killed an accursed
    92 | D        | Noticed a large bag of meat
    92 | D        | Noticed The Captor
    96 | D        | Noticed a tyrant
    98 | D        | Killed a large bag of meat
    99 | D        | Noticed a destroyer
   100 | D        | Noticed a tyrant
   100 | D        | Noticed a tyrant
   101 | D        | Killed a tyrant
   102 | D        | Killed The Captor
   106 | D        | Killed a tyrant
   107 | D        | Noticed a dread
   109 | D        | Killed a tyrant
   110 | D        | Noticed a dread
   111 | D        | Noticed a dread
   111 | D        | Killed a dread
   113 | D        | Killed a large bag of meat
   114 | D        | Killed an accursed
   115 | D        | Killed a tyrant
   116 | D        | Killed a destroyer
   120 | D        | Noticed a tyrant
   121 | D        | Noticed a fleshlord
   125 | D        | Killed a tyrant
   128 | D        | Killed a fleshlord
   131 | D        | Noticed a fleshlord
   132 | D        | Noticed a meat beast
   133 | D        | Noticed a meat beast
   133 | D        | Noticed a fleshlord
   133 | D        | Noticed a meat beast
   135 | D        | Noticed a tyrant
   135 | D        | Killed a dread
   136 | D        | Noticed a fleshlord
   136 | D        | Killed a fleshlord
   137 | D        | Noticed a fleshlord
   137 | D        | Noticed an accursed
   138 | D        | Killed a meat beast
   140 | D        | Killed a fleshlord
   140 | D        | Killed a meat beast
   142 | D        | Killed a fleshlord
   142 | D        | Killed a meat beast
   142 | D        | Killed a dread
   145 | D        | Noticed a dread
   145 | D        | Noticed a fleshlord
   146 | D        | Killed a fleshlord
   147 | D        | Noticed a fleshlord
   150 | D        | Noticed a fleshlord
   151 | D        | Noticed an accursed
   151 | D        | Noticed a fleshlord
   152 | D        | Noticed a meat beast
   152 | D        | Noticed a fleshlord
   153 | D        | Noticed a fleshlord
   154 | D        | Noticed a destroyer
   154 | D        | Killed a meat beast
   155 | D        | Killed a fleshlord
   156 | D        | Noticed a fleshlord
   157 | D        | Killed an accursed
   158 | D        | Killed a destroyer
   159 | D        | Killed a fleshlord
   160 | D        | Annihilated by a fleshlord

Skill      XL: |  1  2  3  4  5  6  7  8  9 10 11 12 13 14 15 16 17 18 19 20 21 22 23 |
---------------+----------------------------------------------------------------------+-----
Fighting       | 11 12 14 16 17 20 23 27 | 27.0
Axes           | 16 18 21 23 25 27 | 27.0
Throwing       | 9 10 12 13 14 16 19 26 27 | 27.0
Dodging        | 15 17 20 22 23 26 27 | 27.0
Armour         | 15 19 22 27 | 27.0
Stealth        | 16 21 27 | 27.0
Unarmed Combat | 14 18 21 26 27 | 27.0
Spellcasting   | 13 16 19 25 27 | 27.0
Invocations    | 15 19 22 27 | 27.0

Action                   |  1- 3 |  4- 6 |  7- 9 | 10-12 | 13-15 | 16-18 | 19-21 | 22-24 | 25-27 || total
-------------------------+-------+-------+-------+-------+-------+-------+-------+-------+-------++-------
Melee: Executioner's axe |     1 |       |       |     1 |     3 |     3 |     8 |     6 |    76 ||    98
  Use: Potion            |       |       |       |       |       |       |       |       |     2 ||     2
Armor: Leather armour    |       |       |       |       |       |       |       |     1 |    14 ||    15
Dodge: Dodged            |       |       |       |       |       |       |       |       |    17 ||    17
